 Dungeon Crawl Stone Soup version 0.28.0 (webtiles) character file.

Game seed: 3403439227833122905

1155 growler the Magician (level 8, -6/58 HPs)
             Began as a Demonspawn Hedge Wizard on Feb 9, 2022.
             Was a Follower of Cheibriados.
             Mangled by a seven-headed hydra (13 damage)
             ... on level 6 of the Dungeon.
             The game lasted 00:30:25 (8545 turns).

growler the Magician (Demonspawn Hedge Wizard)      Turns: 8545, Time: 00:30:25

Health: -6/58      AC:  8    Str: 14    XL:     8   Next: 16%
Magic:  13/17      EV: 12    Int: 19    God:    Cheibriados [*.....]
Gold:   221        SH:  0    Dex: 14    Spells: 8/19 levels left

rFire   . . .      SeeInvis .   a - +0 dagger
rCold   . . .      Faith    .   (no shield)
rNeg    . . .      Spirit   .   b - +0 robe
rPois   .          Reflect  .   c - +0 hat
rElec   .          Harm     .   d - +0 cloak
rCorr   .          Rampage  .   s - +1 pair of gloves
Will    .....                   (no boots)
Stlth   ++........              (no amulet)
HPRegen 0.19/turn               (no ring)
MPRegen 0.15/turn               (no ring)

@: very slow
A: thin metallic scales 2, foul stench 1, weakness stinger 2
a: Renounce Religion, Bend Time


You were on level 6 of the Dungeon.
You worshipped Cheibriados.
Cheibriados was aware of your devotion.
You visited 2 branches of the dungeon, and saw 7 of its levels.
You also visited: Sewer.

You collected 221 gold pieces.

Inventory:

Hand Weapons
 a - a +0 dagger (weapon)
Armour
 b - a +0 robe (worn)
 c - a +0 hat (worn)
 d - a +0 cloak (worn)
   (You found it on level 1 of the Dungeon)
 s - a +1 pair of gloves (worn)
   (You found it on level 4 of the Dungeon)
Jewellery
 w - a ring of poison resistance
   (You took it off an orc on level 5 of the Dungeon)
 B - a +6 ring of dexterity
   (You found it on level 6 of the Dungeon)
Wands
 t - a wand of flame (42)
   (You found it on level 3 of the Dungeon)
 u - a wand of charming (13)
   (You found it on level 4 of the Dungeon)
Scrolls
 e - 2 scrolls of noise {!r}
 f - 2 scrolls of identify {@r1}
 g - a scroll of teleportation {@r4}
 h - 2 scrolls of acquirement {unknown}
 k - a scroll of amnesia
 n - a scroll of vulnerability {unknown}
 o - a scroll of blinking
 p - 3 scrolls of magic mapping
 v - a scroll of enchant armour
 x - a scroll of brand weapon {unknown}
 y - a scroll of immolation {!r}
 A - a scroll of enchant weapon {unknown}
Potions
 i - a potion of heal wounds {@q2}
 j - a potion of resistance
 l - 4 potions of curing {@q1}
 m - 2 potions of mutation {!q}
 q - a potion of brilliance
 r - 3 potions of lignification {!q}
 z - a potion of haste {unknown}


   Skills:
 + Level 3.3 Fighting
 - Level 1.7 Dodging
 - Level 1.7 Stealth
 + Level 6.0 Spellcasting
 + Level 5.9 Conjurations
 - Level 1.0 Summonings
 - Level 1.0 Translocations
 + Level 4.4 Invocations


You had 8 spell levels left.
You knew the following spells:

 Your Spells              Type           Power      Damage    Failure   Level
a - Magic Dart            Conj           100%       1d8       1%          1
b - Blink                 Tloc           18%        N/A       11%         2
d - Conjure Flame         Conj/Fire      16%        6-21      10%         3
f - Mephitic Cloud        Conj/Pois/Air  13%        N/A       16%         3
x - Call Imp              Summ           9%         N/A       11%         2

Your spell library contained the following spells:

 Spells                   Type           Power      Damage    Failure   Level
 Static Discharge         Conj/Air       16%        N/A       4%          2
 Slow                     Hex            20%        N/A       11%         1
 Ozocubu's Armour         Ice            5%         N/A       32%         3
 Sticky Flame             Conj/Fire      16%        2d4       32%         4
 Dispel Undead            Necr           5%         3d7       73%         4
 Ozocubu's Refrigeration  Ice            2%         4d5       100%        7


Dungeon Overview and Level Annotations

Branches:
Dungeon (6/15)             Temple (1/1) D:4           Sewer (visited)

Altars:
Ashenzari
Cheibriados
Dithmenos
Elyvilon
Fedhas
Gozag
Hepliaklqana
Kikubaaqudgha
Makhleb
Nemelex Xobeh
Okawaru
Qazlal
Ru
Sif Muna
Trog
Uskayaw
Vehumet
Wu Jian
Xom
Yredelemnul
Zin

Shops:
D:3 (!   D:4 !

Annotations:
D:3 2 transporters


Innate Abilities, Weirdness & Mutations

You are mostly covered in thin metallic scales. (AC +3)
You may rarely emit foul miasma when damaged in melee.
You have a tail ending in a sharp stinger.


Message History

There is a stone staircase leading down here.
You climb downwards.
There is a stone staircase leading up here.
Found a war axe.
There is a stone staircase leading up here.
An orc wizard comes into view. It is wielding a +0 dagger.
The orc wizard shouts!
Aim: an orc wizard, wielding a +0 dagger and wearing a +0 robe (100% to hit)
The magic dart hits the orc wizard.
The seven-headed hydra roars!
The orc wizard points at you and mumbles some strange words.
You are confused.
You bump into the rock wall.
The orc wizard barely misses you.
You hit the orc wizard.
Your tail-slap misses the orc wizard.
The orc wizard mumbles some strange words.
The orc wizard flickers and vanishes!
Deactivating autopickup; reactivate with Ctrl-A.
You barely miss something.
You hear some strange, mumbled words.
Something tries to affect you, but you resist.
You completely miss something. You punch something.
You hear some strange, mumbled words.
A puff of flame appears from out of thin air!
The puff of flame hits you but does no damage.
You bump into the rock wall.
You feel less confused.
There is a stone staircase leading up here.
You blink.
You hear some strange, mumbled words.
Something tries to affect you, but you resist.
Okay, then.
The flow of time bends around you.
The seven-headed hydra closely misses you. x2
The seven-headed hydra barely misses you.
The seven-headed hydra bites you! x2
The seven-headed hydra completely misses you.
The seven-headed hydra bites you.
You feel stable enough to blink again.
You closely miss something. Something hits you but does no damage.
The seven-headed hydra bites you! x2
* * * LOW HITPOINT WARNING * * *
The seven-headed hydra bites you!
* * * LOW HITPOINT WARNING * * *
The seven-headed hydra barely misses you.
The seven-headed hydra completely misses you.
The seven-headed hydra bites you.
* * * LOW HITPOINT WARNING * * *
The seven-headed hydra bites you!
You die...

#.# ####..###..... #.#
#.#.##.....#....... #.#
#.#.#..#.....#..... #.#
#.#....##...##...#.
#.####.#... ##.###.....
#...##.#.## #.##.###.(
###.#.....## #.#.###...
#.#..#...####.####....
#####....@D......⌠.......#
#.......{##..####.####...#
#.#####..#..## .#.#.###..# #.#
#....###.##.# .###.# #.#
##.#....###.###....# #.#
#..##...##...##...#. #.#
#<####..#.....#..##. #####.#
#.# #.....##..D..D.
#.....#####.####..##.###.#....


You could see a seven-headed hydra.

Vanquished Creatures
  A wyvern (D:6)
  2 ogres
  A necrophage (D:5)
  2 scorpions
  A water moccasin zombie (D:5)
  2 hounds (D:5)
  2 orc priests (D:5)
  A bullfrog skeleton (D:6)
  4 iguanas
  An orc wizard (D:5)
  2 hound skeletons
  3 gnolls
  6 adders
  An adder skeleton (D:4)
  3 worms
  3 dart slugs
  7 orcs
  9 ball pythons
  6 endoplasms
  5 giant cockroaches
  4 goblins
  13 hobgoblins
  5 quokkas
  4 bats
  3 frilled lizards
  5 kobolds
  5 rats
101 creatures vanquished.

Vanquished Creatures (collateral kills)
  A black bear (D:4)
1 creature vanquished.

Vanquished Creatures (others)
  9 plants
9 creatures vanquished.

Grand Total: 111 creatures vanquished

Notes
Turn   | Place    | Note
-------+----------+-------------------------------------------
     0 | D:1      | growler the Demonspawn Hedge Wizard began the quest for the
                  | Orb.
     0 | D:1      | Reached XP level 1. HP: 13/13 MP: 4/4
    89 | D:1      | Reached skill level 1 in Translocations
   447 | D:1      | Gained mutation: You have a small tail. [demonic ancestry]
   447 | D:1      | Reached XP level 2. HP: 18/19 MP: 0/6
   571 | D:1      | Learned a level 2 spell: Call Imp
  1352 | D:1      | Found a faded altar of an unknown god.
  1568 | D:2      | Reached XP level 3. HP: 24/24 MP: 4/8
  2625 | D:2      | Learned a level 2 spell: Blink
  2745 | D:3      | Found a glowing drain.
  2795 | Sewer    | Entered a sewer
  2819 | Sewer    | Noticed a kobold brigand
  3105 | D:3      | Found Jelluboh's Distillery.
  3282 | D:3      | Found Omne's Weapon Shop.
  3293 | D:3      | Gained mutation: You are partially covered in thin metallic
                  | scales. (AC +2) [demonic ancestry]
  3293 | D:3      | Reached XP level 4. HP: 30/30 MP: 5/9
  3469 | D:3      | Found a transporter.
  3472 | D:3      | Found a hide-covered altar of Uskayaw.
  3472 | D:3      | Noticed a bullfrog
  3473 | D:3      | Found an ornate altar of the Wu Jian Council.
  3473 | D:3      | Found a transporter.
  3474 | D:3      | Found a basalt altar of Yredelemnul.
  3543 | D:3      | Found a shimmering altar of Xom.
  3546 | D:3      | Found a shimmering altar of Xom.
  3550 | D:3      | Found a shimmering altar of Xom.
  3562 | D:3      | Found a shimmering altar of Xom.
  3869 | D:4      | Reached skill level 4 in Spellcasting
  4355 | D:4      | Noticed a black bear
  4362 | D:4      | Learned a level 3 spell: Conjure Flame
  4366 | D:4      | Learned a level 3 spell: Mephitic Cloud
  4392 | D:4      | Gained mutation: You may rarely emit foul miasma when
                  | damaged in melee. [demonic ancestry]
  4392 | D:4      | Reached XP level 5. HP: 35/35 MP: 5/11
  4493 | D:4      | You fall into a shaft and drop 1 floor!
  4493 | D:5      | Entered Level 5 of the Dungeon
  4643 | D:4      | Noticed an ogre
  4703 | D:4      | Killed an ogre
  4797 | D:4      | Found Yniocul's Distillery.
  4839 | D:4      | Found a staircase to the Ecumenical Temple.
  5017 | Temple   | Entered the Ecumenical Temple
  5095 | Temple   | Became a worshipper of Cheibriados the Contemplative
  5140 | D:4      | Killed a black bear
  5141 | D:4      | Reached skill level 5 in Spellcasting
  5141 | D:4      | Gained mutation: You have a tail ending in a sharp stinger.
                  | [demonic ancestry]
  5141 | D:4      | Reached XP level 6. HP: 24/41 MP: 2/13
  5449 | D:5      | Reached skill level 1 in Fighting
  5449 | D:5      | Reached skill level 1 in Invocations
  5766 | D:5      | Reached skill level 5 in Conjurations
  5766 | D:5      | Gained mutation: You are mostly covered in thin metallic
                  | scales. (AC +3) [demonic ancestry]
  5766 | D:5      | Reached XP level 7. HP: 48/48 MP: 4/14
  6200 | D:5      | Found a burning altar of Makhleb.
  6373 | D:5      | Found a sparkling altar of Nemelex Xobeh.
  6434 | D:5      | Reached * piety under Cheibriados
  7013 | D:6      | Found a sacrificial altar of Ru.
  7619 | D:6      | Noticed a wyvern
  7639 | D:6      | Killed a wyvern
  7640 | D:6      | Reached XP level 8. HP: 10/58 MP: 2/16
  7995 | D:6      | Reached skill level 6 in Spellcasting
  8156 | D:6      | Noticed a seven-headed hydra
  8545 | D:6      | Mangled by a seven-headed hydra

Illustrated notes

Levels and vault maps discovered:
D:1:      eino_arrival_water_cross, layout_basic,
          hellmonk_ecumenical_altar_run_dry
D:2:      layout_loops_corners
D:3:      layout_basic, xom_redecorated, gammafunk_temple_overflow_arena,
          cheibrodos_sewer_entry_drain, serial_shops, nicolae_shop_behind_doors,
          nicolae_shop_waterfront
D:4:      layout_cave_pools, minmay_temple_entry_gardened_gates, serial_shops,
          kennysheep_mini
D:5:      layout_loops_ring, nicolae_overflow_hidden_temple, lemuel_tele_altar
D:6:      layout_loops_ring, nicolae_ru_great_annihilating_truth, kb_rosetta
Temple:   zaba_magenta_temple

Skill      XL: |  1  2  3  4  5  6  7  8 |
---------------+-------------------------+-----
Translocations | 1 |  1.0
Conjurations   | 2 3 4 5 |  5.9
Spellcasting   | 4 5 6 |  6.0
Fighting       | 1 3 |  3.3
Invocations    | 2 4 |  4.4
Dodging        | |  1.7
Stealth        | |  1.7
Summonings     | |  1.0

Action                   |  1- 3 |  4- 6 |  7- 9 || total
-------------------------+-------+-------+-------++-------
Melee: Dagger            |    54 |    10 |    17 ||    81
       Punch             |     1 |       |     1 ||     2
       Tailslap          |     9 |       |       ||     9
 Cast: Magic Dart        |   135 |   135 |   117 ||   387
       Call Imp          |       |     2 |     1 ||     3
       Blink             |       |     4 |     7 ||    11
       Conjure Flame     |       |       |     3 ||     3
Invok: Bend Time         |       |       |     2 ||     2
Evoke: Wand              |       |       |     1 ||     1
  Use: Potion            |     2 |       |       ||     2
       Scroll            |       |     2 |    10 ||    12
 Stab: Sleeping          |     2 |       |       ||     2
Armor: Robe              |    14 |    13 |    16 ||    43
Dodge: Dodged            |    58 |    17 |    51 ||   126
